Lightning vs Penguins

Created - February-01-15 at 11:08

Goals
1 2 3 T
Lightning 1 3 0 4
Penguins 1 0 1 2
Shots
1 2 3 T
Lightning 9 13 12 34
Penguins 8 12 7 27

1st period

1. Penguins , Jacob Trouba 11 (John Tavares, Gabriel Landeskog) at 9:22 (PP)
2. Lightning , Nick Spaling 1 (Curtis Glencross, Andrej Meszaros) at 15:41

Penalties :
Curtis Glencross (TBL) for Hooking (Minor) at 4:28, Scott Hannan (TBL) for Roughing (Minor) at 7:50, Victor Hedman (PIT) for Fighting (Major) at 11:15, Andrej Sekera (TBL) for Fighting (Major) at 11:15, Jacob Trouba (PIT) for Fighting (Major) at 11:15, Brent Seabrook (TBL) for Fighting (Major) at 11:15, Gabriel Landeskog (PIT) for Fighting (Major) at 11:15, Travis Zajac (TBL) for Fighting (Major) at 11:15, John Tavares (PIT) for Slashing (Minor) at 11:15, Pierre-Alexandr Parenteau (PIT) for High sticking (Double Minor) at 11:15, Troy Brouwer (TBL) for High sticking (Minor) at 11:15, Nick Spaling (TBL) for Roughing (Minor) at 11:15

2nd period

3. Lightning , Patrick Kane 22 (Henrik Sedin) at 6:54
4. Lightning , Nick Spaling 2 (Travis Zajac, Andre Benoit) at 12:24
5. Lightning , Troy Brouwer 10 (Andrej Sekera, Nick Spaling) at 18:16

Penalties :
Mark Giordano (PIT) for Roughing (Minor) at 2:41, Gabriel Landeskog (PIT) for Holding (Minor) at 7:51, Maxime Talbot (TBL) for Tripping (Minor) at 13:24

3rd period

6. Penguins , David Perron 21 (Ryan Getzlaf, Victor Hedman) at 1:21

Penalties :
Brent Seabrook (TBL) for Roughing (Minor) at 5:18, Stephane Robidas (PIT) for Hooking (Minor) at 9:33

Goalie Stats

Jaroslav Halak (TBL), 25 saves from 27 shots - (0.926), W, 18-18-0, 60:00 minutes
Darcy Kuemper (PIT), 30 saves from 34 shots - (0.882), L, 5-2-0, 60:00 minutes

Players Stats for Lightning

Player Name              G  A  P  +/- PIM S  H  SB GA TA FO     MP     PP MP  PK MP  
------------------------------------------------------------------------------------
Andre Benoit             0  1  1   2  0   1  0  2  0  0  0/0    23:35   0:00   3:16 
Andrej Meszaros          0  1  1   1  0   1  0  2  0  0  0/0    15:14   2:47   0:59 
Andrej Sekera            0  1  1   0  5   5  0  1  0  0  0/0    22:04   3:10   4:29 
Brent Seabrook           0  0  0   0  7   2  1  5  0  0  0/0    20:56   3:10   3:22 
Cam Atkinson             0  0  0   0  0   0  0  0  0  0  0/0    12:35   0:00   1:23 
Curtis Glencross         0  1  1   2  2   1  3  0  0  0  1/3    21:22   3:21   0:58 
Eric Fehr                0  0  0   0  0   0  1  0  0  0  0/0     4:49   0:00   0:00 
Erik Gudbranson          0  0  0   2  0   1  0  0  0  0  0/0    16:31   2:47   0:12 
Henrik Sedin             0  1  1   1  0   3  3  0  0  0  17/29  20:49   3:21   0:31 
Jason Chimera            0  0  0   0  0   1  0  0  0  0  0/0     4:49   0:00   0:00 
Luca Sbisa               0  0  0   0  0   0  1  0  0  0  0/0     7:40   0:00   0:00 
Maxime Talbot            0  0  0   0  2   1  3  0  0  0  3/13   15:19   0:00   3:03 
Nick Spaling             2  1  3   2  2   2  0  1  0  0  3/9    22:06   2:36   2:11 
Patrick Kane             1  0  1   1  0   6  0  0  0  0  2/3    20:29   3:21   0:00 
Scott Hannan             0  0  0   1  2   0  2  1  0  0  0/0    13:56   0:00   2:40 
Teddy Purcell            0  0  0   0  0   3  0  0  0  0  0/0    12:06   0:00   0:00 
Travis Zajac             0  1  1   1  5   4  0  0  0  0  14/26  18:46   2:36   4:41 
Troy Brouwer             1  0  1   2  2   3  4  0  0  0  1/1    17:17   2:36   2:11 

Players Stats for Penguins

Player Name              G  A  P  +/- PIM S  H  SB GA TA FO     MP     PP MP  PK MP  
------------------------------------------------------------------------------------
Brandon Saad             0  0  0  -3  0   2  0  0  0  0  2/2    14:59   0:00   3:46 
Brendan Gallagher        0  0  0  -3  0   1  1  0  0  0  0/0    10:34   0:00   0:00 
David Perron             1  0  1   1  0   3  4  1  0  0  0/0    20:25   4:32   0:27 
Ed Jovanovski            0  0  0  -3  0   1  0  0  0  0  0/0    14:36   0:00   0:38 
Gabriel Landeskog        0  1  1  -1  7   4  0  0  0  0  1/2    15:24   2:57   1:44 
Jacob Trouba             1  0  1   1  5   2  2  1  0  0  0/0    17:51   2:57   2:22 
Jeff Carter              0  0  0   1  0   1  1  0  0  0  2/3    19:37   4:32   0:00 
John Tavares             0  1  1  -1  2   0  0  0  0  0  7/20   15:38   2:57   0:00 
Luke Glendening          0  0  0   0  0   0  2  0  0  0  3/6    10:32   0:00   2:37 
Mark Giordano            0  0  0  -1  2   3  4  5  0  0  0/0    26:32   4:32   2:29 
Pierre-Alexandr Parentea 0  0  0  -1  4   0  1  0  0  0  0/1    11:40   0:00   0:00 
Riley Nash               0  0  0   0  0   1  1  0  0  0  8/10    9:11   0:00   0:27 
Ryan Getzlaf             0  1  1   1  0   4  1  1  0  0  11/23  23:00   4:32   2:14 
Ryan Suter               0  0  0   0  0   3  0  5  0  0  0/0    27:42   4:32   3:34 
Stephane Robidas         0  0  0  -4  2   0  0  2  0  0  0/0    15:18   0:00   1:06 
Teemu Selanne            0  0  0   0  0   0  0  0  0  0  0/0     7:38   0:00   0:00 
Tomas Hertl              0  0  0  -3  0   1  1  0  0  0  9/17   13:22   2:57   0:39 
Victor Hedman            0  1  1   1  5   1  2  3  0  0  0/0    17:57   2:57   1:45 

3 Stars

1 - Nick Spaling (TBL)
2 - David Perron (PIT)
3 - Troy Brouwer (TBL)

Power Play

Lightning - 0 on 4 Attempt(s) - 0.00%
Penguins - 1 on 4 Attempt(s) - 25.00%

Penalty Kill

Lightning - 3 on 4 Attempt(s) - 75.00% - Score 0 goal in Penalty Kill
Penguins - 4 on 4 Attempt(s) - 100.00% - Score 0 goal in Penalty Kill

Team Stat

Lightning - Hits : 18 - Faceoff Wins : 41 - Blocked Shots : 12 - Penalty Minutes : 27
Penguins - Hits : 20 - Faceoff Wins : 43 - Blocked Shots : 18 - Penalty Minutes : 27

Official

Referees : Chris Lee and Wes McCauley
Linesman : Jonny Murray and Brian Murphy

Game Notes

General Fight at 11:15 of 1st period
Andrej Sekera beats up Victor Hedman at 11:15 of 1st period
Jacob Trouba and Brent Seabrook fight to a draw at 11:15 of 1st period
Travis Zajac beats up Gabriel Landeskog at 11:15 of 1st period

Finance

Level 1 -- Attendance: 6182 (95.11%) -- Ticket Income $636,746
Level 2 -- Attendance: 5000 (100.00%) -- Ticket Income $345,000
Level 3 -- Attendance: 2914 (83.26%) -- Ticket Income $157,356
Level 4 -- Attendance: 2087 (100.00%) -- Ticket Income $87,654
Luxury Box -- Attendance: 972 (97.20%) -- Ticket Income $179,820
Game was played at the Consol Energy Center'
Total Attendance: 17155 (94.85%)
Total Ticket Income: $1,406,576
Other Income: $210,986
Total Income: $1,617,562

% Time on Ice - Lightning

Lines # - Real PCT - Wanted PCT - Time Play
Normal Forward
1 - 36% - 40% - 16:03
2 - 28% - 30% - 12:31
3 - 25% - 20% - 11:12
4 - 11% - 10% - 4:49
Normal Defense
1 - 40% - 40% - 17:37
2 - 29% - 30% - 12:44
3 - 21% - 20% - 9:17
4 - 11% - 10% - 4:57
PP Forward
1 - 56% - 60% - 3:21
2 - 44% - 40% - 2:36
PP Defense
1 - 53% - 60% - 3:10
2 - 47% - 40% - 2:47
PK Forward
1 - 71% - 60% - 5:18
2 - 29% - 40% - 2:11
PK Defense
1 - 63% - 60% - 4:43
2 - 37% - 40% - 2:46
PK3 Forward
1 - 0% - 60%
2 - 0% - 40%
PK3 Defense
1 - 0% - 60%
2 - 0% - 40%
44 Forward
1 - 55% - 60% - 1:05
2 - 45% - 40% - 0:54
44 Defense
1 - 100% - 60% - 1:59
2 - 0% - 40% - 0:00
Last Minute Offensive  - 0:00
Last Minute Defensive  - 0:00
Total
Forward - 60:00
Defense - 60:00

% Time on Ice - Penguins

Lines # - Real PCT - Wanted PCT - Time Play
Normal Forward
1 - 32% - 35% - 14:29
2 - 28% - 30% - 12:42
3 - 22% - 25% - 9:46
4 - 17% - 10% - 7:38
Normal Defense
1 - 39% - 40% - 17:13
2 - 36% - 35% - 15:56
3 - 24% - 20% - 10:43
4 - 2% - 5% - 0:43
PP Forward
1 - 61% - 55% - 4:32
2 - 39% - 45% - 2:57
PP Defense
1 - 61% - 75% - 4:32
2 - 39% - 25% - 2:57
PK Forward
1 - 62% - 55% - 3:43
2 - 38% - 45% - 2:14
PK Defense
1 - 71% - 70% - 4:12
2 - 29% - 30% - 1:45
PK3 Forward
1 - 0% - 55%
2 - 0% - 45%
PK3 Defense
1 - 0% - 55%
2 - 0% - 45%
44 Forward
1 - 30% - 55% - 0:36
2 - 70% - 45% - 1:23
44 Defense
1 - 0% - 55% - 0:00
2 - 100% - 45% - 1:59
Last Minute Offensive  - 0:00
Last Minute Defensive  - 0:00
Total
Forward - 60:00
Defense - 60:00

Play by Play

1st period


0:01 of 1st period - Ryan Getzlaf wins face-off versus Henrik Sedin in neutral zone.
0:09 of 1st period - Ryan Getzlaf is hit by Brent Seabrook and loses puck.
0:45 of 1st period - Shot by Ryan Getzlaf.
0:45 of 1st period - Shot Misses the Net.
1:39 of 1st period - Icing by Victor Hedman.
1:40 of 1st period - Maxime Talbot wins face-off versus John Tavares in Penguins zone.
1:43 of 1st period - Shot by Teddy Purcell.
1:43 of 1st period - Stopped by Darcy Kuemper without a rebound.
1:44 of 1st period - Tomas Hertl wins face-off versus Maxime Talbot in Penguins zone.
1:53 of 1st period - Shot by Brendan Gallagher.
1:53 of 1st period - Stopped by Jaroslav Halak with a rebound.
1:59 of 1st period - Shot by Brendan Gallagher.
1:59 of 1st period - Shot Misses the Net.
2:01 of 1st period - Shot by Ed Jovanovski.
2:01 of 1st period - Stopped by Jaroslav Halak without a rebound.
2:02 of 1st period - Riley Nash wins face-off versus Nick Spaling in Lightning zone.
2:03 of 1st period - Shot by Mark Giordano.
2:03 of 1st period - Stopped by Jaroslav Halak without a rebound.
2:04 of 1st period - Brandon Saad wins face-off versus Nick Spaling in Lightning zone.
2:14 of 1st period - Tomas Hertl is hit by Luca Sbisa and loses puck.
2:59 of 1st period - Icing by Andre Benoit.
3:00 of 1st period - Riley Nash wins face-off versus Nick Spaling in Lightning zone.
3:07 of 1st period - Ryan Suter is hit by Eric Fehr and loses puck.
4:03 of 1st period - Icing by Mark Giordano.
4:04 of 1st period - Riley Nash wins face-off versus Curtis Glencross in Penguins zone.
4:28 of 1st period - Minor Penalty to Curtis Glencross for Hooking.
4:29 of 1st period - John Tavares wins face-off versus Travis Zajac in Lightning zone.
5:47 of 1st period - Shot by David Perron.
5:47 of 1st period - Shot Blocked by Brent Seabrook.
5:49 of 1st period - Shot by Ryan Getzlaf.
5:49 of 1st period - Shot Blocked by Brent Seabrook.
5:51 of 1st period - Shot by Ryan Suter.
5:51 of 1st period - Deflect By Ryan Getzlaf.
5:51 of 1st period - Shot Blocked by Nick Spaling.
5:53 of 1st period - Shot by Mark Giordano.
5:53 of 1st period - Shot Blocked by Andrej Sekera.
5:55 of 1st period - Shot by Ryan Suter.
5:55 of 1st period - Shot Misses the Net.
6:27 of 1st period - Shot by Tomas Hertl.
6:27 of 1st period - Shot Misses the Net.
6:40 of 1st period - Stephane Robidas is hit by Curtis Glencross and loses puck.
6:58 of 1st period - Icing by Luke Glendening.
6:59 of 1st period - Riley Nash wins face-off versus Nick Spaling in Penguins zone.
7:11 of 1st period - Eric Fehr is hit by Luke Glendening and loses puck.
7:20 of 1st period - Shot by Riley Nash.
7:20 of 1st period - Shot Blocked by Andrej Meszaros.
7:30 of 1st period - Shot by Eric Fehr.
7:30 of 1st period - Shot Blocked by Mark Giordano.
7:46 of 1st period - Shot by David Perron.
7:46 of 1st period - Shot Blocked by Scott Hannan.
7:49 of 1st period - David Perron is hit by Scott Hannan.
7:50 of 1st period - Minor Penalty to Scott Hannan for Roughing.
7:51 of 1st period - Travis Zajac wins face-off versus Tomas Hertl in Lightning zone.
8:04 of 1st period - Shot by Travis Zajac.
8:04 of 1st period - Stopped by Darcy Kuemper without a rebound.
8:05 of 1st period - Ryan Getzlaf wins face-off versus Maxime Talbot in Penguins zone.
8:12 of 1st period - Shot by Mark Giordano.
8:12 of 1st period - Shot Misses the Net.
8:14 of 1st period - Shot by Ryan Getzlaf.
8:14 of 1st period - Stopped by Jaroslav Halak without a rebound.
8:15 of 1st period - Jeff Carter wins face-off versus Maxime Talbot in Lightning zone.
8:40 of 1st period - Shot by Ryan Getzlaf.
8:40 of 1st period - Stopped by Jaroslav Halak with a rebound.
8:42 of 1st period - Shot by Mark Giordano.
8:42 of 1st period - Stopped by Jaroslav Halak without a rebound.
8:43 of 1st period - John Tavares wins face-off versus Nick Spaling in Lightning zone.
9:04 of 1st period - Shot by Jacob Trouba.
9:04 of 1st period - Shot Misses the Net.
9:06 of 1st period - Shot by Victor Hedman.
9:06 of 1st period - Shot Misses the Net.
9:10 of 1st period - Shot by Victor Hedman.
9:10 of 1st period - Shot Blocked by Brent Seabrook.
9:20 of 1st period - Shot by Jacob Trouba.
9:20 of 1st period - Shot Misses the Net.
9:22 of 1st period - Shot by Jacob Trouba.
9:22 of 1st period - Goal by Jacob Trouba - Lightning : 0 - Penguins : 1.
9:23 of 1st period - Patrick Kane wins face-off versus Ryan Getzlaf in neutral zone.
9:25 of 1st period - Erik Gudbranson is hit by David Perron and loses puck.
9:59 of 1st period - Shot by Henrik Sedin.
9:59 of 1st period - Shot Misses the Net.
10:37 of 1st period - Shot by Maxime Talbot.
10:37 of 1st period - Deflect By Teddy Purcell.
10:37 of 1st period - Shot Blocked by Ryan Suter.
10:45 of 1st period - Shot by Maxime Talbot.
10:45 of 1st period - Shot Blocked by Ryan Suter.
10:54 of 1st period - Cam Atkinson is hit by Mark Giordano and loses puck.
11:02 of 1st period - Icing by Ryan Suter.
11:03 of 1st period - Nick Spaling wins face-off versus Ryan Getzlaf in Penguins zone.
11:03 of 1st period - Brent Seabrook is hit by Mark Giordano and loses puck.
11:08 of 1st period - Shot by Travis Zajac.
11:08 of 1st period - Stopped by Darcy Kuemper without a rebound.
11:09 of 1st period - John Tavares wins face-off versus Travis Zajac in Penguins zone.
11:15 of 1st period - Andrej Sekera beats up Victor Hedman.
11:15 of 1st period - Penalty to Victor Hedman for Fighting.
11:15 of 1st period - Penalty to Andrej Sekera for Fighting.
11:15 of 1st period - Jacob Trouba and Brent Seabrook fight to a draw.
11:15 of 1st period - Penalty to Jacob Trouba for Fighting.
11:15 of 1st period - Penalty to Brent Seabrook for Fighting.
11:15 of 1st period - Travis Zajac beats up Gabriel Landeskog.
11:15 of 1st period - Penalty to Gabriel Landeskog for Fighting.
11:15 of 1st period - Penalty to Travis Zajac for Fighting.
11:15 of 1st period - Minor Penalty to John Tavares for Slashing.
11:15 of 1st period - Double Minor Penalty to Pierre-Alexandr Parenteau for High sticking.
11:15 of 1st period - Minor Penalty to Troy Brouwer for High sticking.
11:15 of 1st period - Minor Penalty to Nick Spaling for Roughing.
11:16 of 1st period - Riley Nash wins face-off versus Patrick Kane in Lightning zone.
12:07 of 1st period - Andrej Meszaros is hit by Riley Nash and loses puck.
12:29 of 1st period - Off-side.
12:30 of 1st period - Jeff Carter wins face-off versus Henrik Sedin in neutral zone.
12:30 of 1st period - Mark Giordano is hit by Henrik Sedin and loses puck.
12:44 of 1st period - Jeff Carter is hit by Henrik Sedin and loses puck.
13:35 of 1st period - Shot by Troy Brouwer.
13:35 of 1st period - Stopped by Darcy Kuemper without a rebound.
13:36 of 1st period - Nick Spaling wins face-off versus John Tavares in Penguins zone.
13:52 of 1st period - Shot by Nick Spaling.
13:52 of 1st period - Shot Misses the Net.
14:00 of 1st period - Shot by Eric Fehr.
14:00 of 1st period - Shot Blocked by Stephane Robidas.
14:02 of 1st period - Shot by Jason Chimera.
14:02 of 1st period - Stopped by Darcy Kuemper without a rebound.
14:03 of 1st period - Riley Nash wins face-off versus Henrik Sedin in Penguins zone.
14:03 of 1st period - Riley Nash is hit by Curtis Glencross.
14:28 of 1st period - Icing by Mark Giordano.
14:29 of 1st period - Maxime Talbot wins face-off versus Riley Nash in Penguins zone.
15:01 of 1st period - Shot by Ryan Getzlaf.
15:01 of 1st period - Stopped by Jaroslav Halak without a rebound.
15:02 of 1st period - Tomas Hertl wins face-off versus Curtis Glencross in Lightning zone.
15:31 of 1st period - Shot by Troy Brouwer.
15:31 of 1st period - Deflect By Curtis Glencross.
15:31 of 1st period - Shot Misses the Net.
15:33 of 1st period - Shot by Andrej Meszaros.
15:33 of 1st period - Shot Misses the Net.
15:35 of 1st period - Shot by Andrej Meszaros.
15:35 of 1st period - Shot Misses the Net.
15:37 of 1st period - Shot by Andrej Meszaros.
15:37 of 1st period - Shot Misses the Net.
15:39 of 1st period - Shot by Curtis Glencross.
15:39 of 1st period - Shot Blocked by Mark Giordano.
15:41 of 1st period - Shot by Nick Spaling.
15:41 of 1st period - Goal by Nick Spaling - Lightning : 1 - Penguins : 1.
15:42 of 1st period - John Tavares wins face-off versus Maxime Talbot in neutral zone.
16:43 of 1st period - Victor Hedman is hit by Curtis Glencross and loses puck.
16:48 of 1st period - Shot by Patrick Kane.
16:48 of 1st period - Shot Blocked by Victor Hedman.
17:00 of 1st period - Shot by Henrik Sedin.
17:00 of 1st period - Stopped by Darcy Kuemper with a rebound.
17:02 of 1st period - Shot by Andrej Sekera.
17:02 of 1st period - Stopped by Darcy Kuemper without a rebound.
17:03 of 1st period - Tomas Hertl wins face-off versus Travis Zajac in Penguins zone.
17:07 of 1st period - Brandon Saad is hit by Troy Brouwer and loses puck.
17:39 of 1st period - Jacob Trouba is hit by Troy Brouwer and loses puck.
18:30 of 1st period - Shot by Erik Gudbranson.
18:30 of 1st period - Stopped by Darcy Kuemper with a rebound.
19:10 of 1st period - Shot by Henrik Sedin.
19:10 of 1st period - Shot Blocked by Ryan Suter.
19:57 of 1st period - Off-side.
19:58 of 1st period - Travis Zajac wins face-off versus John Tavares in neutral zone.
Goals for this period are 1 for Lightning vs 1 for Penguins.
Shots for this period are 9 for Lightning vs 8 for Penguins.

2nd period


0:01 of 2nd period - Henrik Sedin wins face-off versus Pierre-Alexandr Parenteau in neutral zone.
1:12 of 2nd period - Shot by Jeff Carter.
1:12 of 2nd period - Shot Misses the Net.
1:18 of 2nd period - Stephane Robidas is hit by Troy Brouwer and loses puck.
1:57 of 2nd period - Ryan Getzlaf is hit by Maxime Talbot and loses puck.
2:12 of 2nd period - Shot by Andrej Meszaros.
2:12 of 2nd period - Shot Misses the Net.
2:14 of 2nd period - Shot by Andrej Meszaros.
2:14 of 2nd period - Stopped by Darcy Kuemper with a rebound.
2:16 of 2nd period - Shot by Maxime Talbot.
2:16 of 2nd period - Stopped by Darcy Kuemper without a rebound.
2:17 of 2nd period - Tomas Hertl wins face-off versus Nick Spaling in Penguins zone.
2:39 of 2nd period - Nick Spaling is hit by Mark Giordano and loses puck.
2:41 of 2nd period - Minor Penalty to Mark Giordano for Roughing.
2:42 of 2nd period - Curtis Glencross wins face-off versus Luke Glendening in Penguins zone.
3:02 of 2nd period - Icing by Henrik Sedin.
3:03 of 2nd period - Luke Glendening wins face-off versus Henrik Sedin in Lightning zone.
3:24 of 2nd period - Shot by Erik Gudbranson.
3:24 of 2nd period - Shot Blocked by Ryan Suter.
5:47 of 2nd period - Shot by Riley Nash.
5:47 of 2nd period - Stopped by Jaroslav Halak without a rebound.
5:48 of 2nd period - Patrick Kane wins face-off versus Ryan Getzlaf in Lightning zone.
5:48 of 2nd period - Patrick Kane is hit by David Perron.
6:14 of 2nd period - Shot by Ryan Getzlaf.
6:14 of 2nd period - Shot Blocked by Brent Seabrook.
6:16 of 2nd period - Shot by Ryan Suter.
6:16 of 2nd period - Stopped by Jaroslav Halak without a rebound.
6:17 of 2nd period - Tomas Hertl wins face-off versus Travis Zajac in Lightning zone.
6:18 of 2nd period - Shot by Brandon Saad.
6:18 of 2nd period - Stopped by Jaroslav Halak without a rebound.
6:19 of 2nd period - Travis Zajac wins face-off versus Tomas Hertl in Lightning zone.
6:48 of 2nd period - Shot by Brandon Saad.
6:48 of 2nd period - Stopped by Jaroslav Halak without a rebound.
6:49 of 2nd period - Henrik Sedin wins face-off versus John Tavares in Lightning zone.
6:54 of 2nd period - Shot by Patrick Kane.
6:54 of 2nd period - Goal by Patrick Kane - Lightning : 2 - Penguins : 1.
6:55 of 2nd period - Henrik Sedin wins face-off versus John Tavares in neutral zone.
7:04 of 2nd period - Shot by Patrick Kane.
7:04 of 2nd period - Stopped by Darcy Kuemper without a rebound.
7:05 of 2nd period - Travis Zajac wins face-off versus Ryan Getzlaf in Penguins zone.
7:23 of 2nd period - Icing by Ryan Suter.
7:24 of 2nd period - Ryan Getzlaf wins face-off versus Henrik Sedin in Penguins zone.
7:24 of 2nd period - Ryan Suter is hit by Henrik Sedin and loses puck.
7:49 of 2nd period - Shot by Jeff Carter.
7:49 of 2nd period - Stopped by Jaroslav Halak without a rebound.
7:50 of 2nd period - Nick Spaling wins face-off versus John Tavares in Lightning zone.
7:50 of 2nd period - Nick Spaling is hit by Pierre-Alexandr Parenteau.
7:51 of 2nd period - Minor Penalty to Gabriel Landeskog for Holding.
7:52 of 2nd period - Luke Glendening wins face-off versus Travis Zajac in Penguins zone.
8:01 of 2nd period - Shot by Brent Seabrook.
8:01 of 2nd period - Stopped by Darcy Kuemper without a rebound.
8:02 of 2nd period - Luke Glendening wins face-off versus Henrik Sedin in Penguins zone.
8:16 of 2nd period - Icing by Andrej Sekera.
8:17 of 2nd period - Henrik Sedin wins face-off versus Luke Glendening in Lightning zone.
8:34 of 2nd period - Shot by Patrick Kane.
8:34 of 2nd period - Shot Blocked by Mark Giordano.
8:36 of 2nd period - Shot by Andrej Sekera.
8:36 of 2nd period - Stopped by Darcy Kuemper without a rebound.
8:37 of 2nd period - Travis Zajac wins face-off versus Luke Glendening in Penguins zone.
8:37 of 2nd period - Travis Zajac is hit by Victor Hedman.
8:49 of 2nd period - Shot by Travis Zajac.
8:49 of 2nd period - Shot Hit the Post.
11:34 of 2nd period - Shot by Jeff Carter.
11:34 of 2nd period - Shot Blocked by Brent Seabrook.
12:00 of 2nd period - Shot by David Perron.
12:00 of 2nd period - Stopped by Jaroslav Halak without a rebound.
12:01 of 2nd period - Tomas Hertl wins face-off versus Travis Zajac in Lightning zone.
12:22 of 2nd period - Shot by Travis Zajac.
12:22 of 2nd period - Stopped by Darcy Kuemper with a rebound.
12:24 of 2nd period - Shot by Nick Spaling.
12:24 of 2nd period - Goal by Nick Spaling - Lightning : 3 - Penguins : 1.
12:25 of 2nd period - Riley Nash wins face-off versus Maxime Talbot in neutral zone.
12:33 of 2nd period - Off-side.
12:34 of 2nd period - Ryan Getzlaf wins face-off versus Travis Zajac in neutral zone.
13:03 of 2nd period - Shot by Ryan Getzlaf.
13:03 of 2nd period - Stopped by Jaroslav Halak without a rebound.
13:04 of 2nd period - Gabriel Landeskog wins face-off versus Maxime Talbot in Lightning zone.
13:24 of 2nd period - Minor Penalty to Maxime Talbot for Tripping.
13:25 of 2nd period - Ryan Getzlaf wins face-off versus Travis Zajac in Lightning zone.
13:26 of 2nd period - Shot by Ryan Suter.
13:26 of 2nd period - Stopped by Jaroslav Halak with a rebound.
13:28 of 2nd period - Shot by David Perron.
13:28 of 2nd period - Stopped by Jaroslav Halak without a rebound.
13:29 of 2nd period - Travis Zajac wins face-off versus Ryan Getzlaf in Lightning zone.
13:38 of 2nd period - Shot by David Perron.
13:38 of 2nd period - Shot Blocked by Andre Benoit.
13:52 of 2nd period - Shot by Ryan Suter.
13:52 of 2nd period - Stopped by Jaroslav Halak with a rebound.
14:06 of 2nd period - Shot by Travis Zajac.
14:06 of 2nd period - Shot Blocked by David Perron.
14:08 of 2nd period - Shot by Andre Benoit.
14:08 of 2nd period - Shot Blocked by Ryan Getzlaf.
14:17 of 2nd period - Icing by Ryan Suter.
14:18 of 2nd period - Travis Zajac wins face-off versus Ryan Getzlaf in Penguins zone.
14:22 of 2nd period - Icing by David Perron.
14:23 of 2nd period - Travis Zajac wins face-off versus Ryan Getzlaf in Penguins zone.
14:32 of 2nd period - Shot by Cam Atkinson.
14:32 of 2nd period - Shot Misses the Net.
14:45 of 2nd period - Shot by Cam Atkinson.
14:45 of 2nd period - Shot Misses the Net.
14:47 of 2nd period - Shot by Brent Seabrook.
14:47 of 2nd period - Stopped by Darcy Kuemper with a rebound.
14:49 of 2nd period - Shot by Travis Zajac.
14:49 of 2nd period - Shot Blocked by Ryan Suter.
14:51 of 2nd period - Shot by Andrej Sekera.
14:51 of 2nd period - Stopped by Darcy Kuemper without a rebound.
14:52 of 2nd period - John Tavares wins face-off versus Henrik Sedin in Penguins zone.
15:05 of 2nd period - Shot by John Tavares.
15:05 of 2nd period - Deflect By Gabriel Landeskog.
15:05 of 2nd period - Shot Misses the Net.
15:07 of 2nd period - Shot by John Tavares.
15:07 of 2nd period - Shot Misses the Net.
16:00 of 2nd period - Shot by Nick Spaling.
16:00 of 2nd period - Shot Blocked by Stephane Robidas.
16:02 of 2nd period - Shot by Brent Seabrook.
16:02 of 2nd period - Shot Misses the Net.
16:04 of 2nd period - Shot by Eric Fehr.
16:04 of 2nd period - Deflect By Nick Spaling.
16:04 of 2nd period - Shot Misses the Net.
16:06 of 2nd period - Shot by Andrej Sekera.
16:06 of 2nd period - Stopped by Darcy Kuemper without a rebound.
16:07 of 2nd period - Henrik Sedin wins face-off versus John Tavares in Penguins zone.
16:24 of 2nd period - Shot by John Tavares.
16:24 of 2nd period - Shot Hit the Post.
16:33 of 2nd period - Henrik Sedin is hit by Victor Hedman and loses puck.
17:16 of 2nd period - Shot by Ryan Getzlaf.
17:16 of 2nd period - Shot Misses the Net.
17:48 of 2nd period - Shot by Scott Hannan.
17:48 of 2nd period - Shot Misses the Net.
17:50 of 2nd period - Shot by Maxime Talbot.
17:50 of 2nd period - Deflect By Teddy Purcell.
17:50 of 2nd period - Stopped by Darcy Kuemper without a rebound.
17:51 of 2nd period - Brandon Saad wins face-off versus Travis Zajac in Penguins zone.
18:16 of 2nd period - Shot by Troy Brouwer.
18:16 of 2nd period - Goal by Troy Brouwer - Lightning : 4 - Penguins : 1.
18:17 of 2nd period - Henrik Sedin wins face-off versus John Tavares in neutral zone.
18:25 of 2nd period - Icing by Jacob Trouba.
18:26 of 2nd period - Travis Zajac wins face-off versus John Tavares in Penguins zone.
18:50 of 2nd period - Shot by Gabriel Landeskog.
18:50 of 2nd period - Stopped by Jaroslav Halak with a rebound.
19:55 of 2nd period - Shot by Ryan Getzlaf.
19:55 of 2nd period - Shot Blocked by Andre Benoit.
19:57 of 2nd period - Shot by Mark Giordano.
19:57 of 2nd period - Stopped by Jaroslav Halak with a rebound.
Goals for this period are 3 for Lightning vs 0 for Penguins.
Shots for this period are 13 for Lightning vs 12 for Penguins.

3rd period


0:01 of 3rd period - Henrik Sedin wins face-off versus Ryan Getzlaf in neutral zone.
0:16 of 3rd period - Icing by Mark Giordano.
0:17 of 3rd period - Travis Zajac wins face-off versus Ryan Getzlaf in Penguins zone.
0:21 of 3rd period - Icing by Ryan Suter.
0:22 of 3rd period - Henrik Sedin wins face-off versus Ryan Getzlaf in Penguins zone.
0:25 of 3rd period - Shot by Patrick Kane.
0:25 of 3rd period - Stopped by Darcy Kuemper without a rebound.
0:26 of 3rd period - Henrik Sedin wins face-off versus Tomas Hertl in Penguins zone.
0:47 of 3rd period - Shot by Patrick Kane.
0:47 of 3rd period - Shot Misses the Net.
0:55 of 3rd period - Shot by Patrick Kane.
0:55 of 3rd period - Stopped by Darcy Kuemper without a rebound.
0:56 of 3rd period - Ryan Getzlaf wins face-off versus Travis Zajac in Penguins zone.
1:21 of 3rd period - Shot by David Perron.
1:21 of 3rd period - Goal by David Perron - Lightning : 4 - Penguins : 2.
1:22 of 3rd period - Henrik Sedin wins face-off versus Tomas Hertl in neutral zone.
2:07 of 3rd period - Shot by Patrick Kane.
2:07 of 3rd period - Shot Misses the Net.
3:07 of 3rd period - Travis Zajac is hit by David Perron and loses puck.
3:46 of 3rd period - Shot by Gabriel Landeskog.
3:46 of 3rd period - Stopped by Jaroslav Halak without a rebound.
3:47 of 3rd period - Riley Nash wins face-off versus Henrik Sedin in Lightning zone.
4:04 of 3rd period - Henrik Sedin is hit by Mark Giordano and loses puck.
4:23 of 3rd period - Shot by Curtis Glencross.
4:23 of 3rd period - Shot Misses the Net.
4:25 of 3rd period - Shot by Andre Benoit.
4:25 of 3rd period - Stopped by Darcy Kuemper without a rebound.
4:26 of 3rd period - John Tavares wins face-off versus Maxime Talbot in Penguins zone.
4:57 of 3rd period - Icing by Stephane Robidas.
4:58 of 3rd period - Troy Brouwer wins face-off versus John Tavares in Penguins zone.
5:18 of 3rd period - Minor Penalty to Brent Seabrook for Roughing.
5:19 of 3rd period - Travis Zajac wins face-off versus Jeff Carter in Lightning zone.
5:28 of 3rd period - Shot by Travis Zajac.
5:28 of 3rd period - Shot Misses the Net.
6:06 of 3rd period - Andrej Meszaros is hit by David Perron and loses puck.
7:15 of 3rd period - Shot by Jacob Trouba.
7:15 of 3rd period - Stopped by Jaroslav Halak without a rebound.
7:16 of 3rd period - John Tavares wins face-off versus Travis Zajac in Lightning zone.
7:18 of 3rd period - Gabriel Landeskog is hit by Scott Hannan and loses puck.
7:43 of 3rd period - Shot by Henrik Sedin.
7:43 of 3rd period - Stopped by Darcy Kuemper with a rebound.
7:53 of 3rd period - Shot by Stephane Robidas.
7:53 of 3rd period - Shot Blocked by Andrej Meszaros.
7:55 of 3rd period - Shot by Stephane Robidas.
7:55 of 3rd period - Shot Misses the Net.
8:18 of 3rd period - Erik Gudbranson is hit by Luke Glendening and loses puck.
9:07 of 3rd period - Stephane Robidas is hit by Maxime Talbot and loses puck.
9:32 of 3rd period - Icing by Riley Nash.
9:33 of 3rd period - Henrik Sedin wins face-off versus Riley Nash in Penguins zone.
9:33 of 3rd period - Minor Penalty to Stephane Robidas for Hooking.
9:34 of 3rd period - Ryan Getzlaf wins face-off versus Henrik Sedin in Penguins zone.
9:40 of 3rd period - Icing by Patrick Kane.
9:41 of 3rd period - Henrik Sedin wins face-off versus Ryan Getzlaf in Lightning zone.
9:41 of 3rd period - Henrik Sedin is hit by Ryan Getzlaf.
10:20 of 3rd period - Shot by Andrej Sekera.
10:20 of 3rd period - Shot Blocked by Mark Giordano.
11:10 of 3rd period - Shot by Tomas Hertl.
11:10 of 3rd period - Shot Misses the Net.
11:12 of 3rd period - Shot by Gabriel Landeskog.
11:12 of 3rd period - Stopped by Jaroslav Halak without a rebound.
11:13 of 3rd period - Henrik Sedin wins face-off versus Tomas Hertl in Lightning zone.
11:47 of 3rd period - John Tavares is hit by Maxime Talbot and loses puck.
12:00 of 3rd period - Shot by Maxime Talbot.
12:00 of 3rd period - Shot Misses the Net.
12:02 of 3rd period - Shot by Luca Sbisa.
12:02 of 3rd period - Shot Blocked by Victor Hedman.
12:24 of 3rd period - Icing by Andre Benoit.
12:25 of 3rd period - Ryan Getzlaf wins face-off versus Maxime Talbot in Lightning zone.
13:11 of 3rd period - Shot by Troy Brouwer.
13:11 of 3rd period - Stopped by Darcy Kuemper without a rebound.
13:12 of 3rd period - Tomas Hertl wins face-off versus Henrik Sedin in Penguins zone.
13:14 of 3rd period - Icing by Brandon Saad.
13:15 of 3rd period - Tomas Hertl wins face-off versus Henrik Sedin in Penguins zone.
13:34 of 3rd period - Shot by Tomas Hertl.
13:34 of 3rd period - Stopped by Jaroslav Halak without a rebound.
13:35 of 3rd period - Travis Zajac wins face-off versus John Tavares in Lightning zone.
13:37 of 3rd period - Icing by Andrej Sekera.
13:38 of 3rd period - Ryan Getzlaf wins face-off versus Travis Zajac in Lightning zone.
14:10 of 3rd period - Shot by Nick Spaling.
14:10 of 3rd period - Shot Blocked by Mark Giordano.
14:24 of 3rd period - Shot by Andrej Sekera.
14:24 of 3rd period - Stopped by Darcy Kuemper without a rebound.
14:25 of 3rd period - Tomas Hertl wins face-off versus Henrik Sedin in Penguins zone.
14:55 of 3rd period - Shot by Patrick Kane.
14:55 of 3rd period - Stopped by Darcy Kuemper with a rebound.
14:57 of 3rd period - Shot by Patrick Kane.
14:57 of 3rd period - Shot Blocked by Victor Hedman.
14:59 of 3rd period - Shot by Henrik Sedin.
14:59 of 3rd period - Stopped by Darcy Kuemper with a rebound.
15:01 of 3rd period - Shot by Henrik Sedin.
15:01 of 3rd period - Shot Blocked by Jacob Trouba.
15:03 of 3rd period - Shot by Curtis Glencross.
15:03 of 3rd period - Stopped by Darcy Kuemper without a rebound.
15:04 of 3rd period - Maxime Talbot wins face-off versus John Tavares in Penguins zone.
15:46 of 3rd period - Shot by Gabriel Landeskog.
15:46 of 3rd period - Stopped by Jaroslav Halak without a rebound.
15:47 of 3rd period - Travis Zajac wins face-off versus Ryan Getzlaf in Lightning zone.
15:47 of 3rd period - Troy Brouwer is hit by Jeff Carter and loses puck.
16:48 of 3rd period - Shot by Victor Hedman.
16:48 of 3rd period - Stopped by Jaroslav Halak without a rebound.
16:49 of 3rd period - Henrik Sedin wins face-off versus Tomas Hertl in Lightning zone.
16:49 of 3rd period - Henrik Sedin is hit by Brendan Gallagher.
17:15 of 3rd period - Icing by Patrick Kane.
17:16 of 3rd period - Henrik Sedin wins face-off versus John Tavares in Lightning zone.
17:18 of 3rd period - Icing by Patrick Kane.
17:19 of 3rd period - Henrik Sedin wins face-off versus Gabriel Landeskog in Lightning zone.
17:32 of 3rd period - Shot by Patrick Kane.
17:32 of 3rd period - Stopped by Darcy Kuemper without a rebound.
17:33 of 3rd period - Travis Zajac wins face-off versus Tomas Hertl in Penguins zone.
17:33 of 3rd period - Travis Zajac is hit by Jacob Trouba.
17:48 of 3rd period - Brandon Saad is hit by Troy Brouwer and loses puck.
17:52 of 3rd period - Icing by Victor Hedman.
17:53 of 3rd period - Henrik Sedin wins face-off versus Tomas Hertl in Penguins zone.
18:00 of 3rd period - Curtis Glencross is hit by Tomas Hertl and loses puck.
18:22 of 3rd period - Patrick Kane is hit by Jacob Trouba.
19:38 of 3rd period - Shot by Travis Zajac.
19:38 of 3rd period - Stopped by Darcy Kuemper without a rebound.
19:39 of 3rd period - Ryan Getzlaf wins face-off versus Maxime Talbot in Penguins zone.
19:47 of 3rd period - Icing by Andrej Meszaros.
19:48 of 3rd period - Ryan Getzlaf wins face-off versus Maxime Talbot in Lightning zone.
19:59 of 3rd period - Shot by Cam Atkinson.
19:59 of 3rd period - Deflect By Teddy Purcell.
19:59 of 3rd period - Stopped by Darcy Kuemper without a rebound.
Goals for this period are 0 for Lightning vs 1 for Penguins.
Shots for this period are 12 for Lightning vs 7 for Penguins.


Output by the SimonT Hockey Simulator (STHS) for Stephane Roy -- Original Page W3C XHTML 1.0 Valid
Hockey Simulator - Hockey Simulation - Hockey Manager